 Dungeon Crawl Stone Soup version 0.20-a0-351-gc9b4002 (webtiles) character file.

219 kr4n3x the Conjurer (level 5, 1/28 HPs)
             Began as a Deep Elf Conjurer on Dec 25, 2016.
             Was an Initiate of Vehumet.
             Quit the game on level 3 of the Dungeon.
             The game lasted 00:07:25 (2989 turns).

kr4n3x the Conjurer (Deep Elf Conjurer)             Turns: 2989, Time: 00:07:26

Health: 1/28       AC:  7    Str:  5    XL:     5   Next: 63%
Magic:  3/14       EV: 13    Int: 21    God:    Vehumet [......]
Gold:   161        SH:  0    Dex: 15    Spells: 8/14 levels left

rFire  . . .     SeeInvis .     j - +0 dagger
rCold  . . .     Gourm    .     a - +0 robe
rNeg   . . .     Faith    .     (no shield)
rPois  .         Spirit   .     i - +1 helmet
rElec  .         Reflect  .     d - +2 cloak
rCorr  .         Harm     .     (no gloves)
MR     .....                    (no boots)
Stlth  ++........               (no amulet)
                                (no ring)
                                (no ring)

@: lethally poisoned (1 -> -4)
A: no striking features
a: Renounce Religion


You were on level 3 of the Dungeon.
You worshipped Vehumet.
Vehumet was noncommittal.
You were not hungry.

You visited 1 branch of the dungeon, and saw 4 of its levels.

You collected 161 gold pieces.

Inventory:

Hand Weapons
 j - a +0 dagger (weapon)
Armour
 a - a +0 robe (worn)
 d - a +2 cloak (worn)
 i - a +1 helmet (worn)
Scrolls
 f - 2 scrolls of remove curse
 l - 2 scrolls of identify
 q - a scroll of recharging
 r - a scroll of teleportation {unknown}
 s - a scroll of enchant weapon {unknown}
Potions
 e - a potion of lignification
 h - 5 potions of might
 k - a potion of brilliance
 n - a potion of invisibility
 o - 3 potions of haste
Books
 b - a book of Conjurations

   Spells                             Type                      Level
   a - Magic Dart                     Conjuration                  1
   b - Searing Ray                    Conjuration                  2
   c - Dazzling Spray                 Conjuration/Hexes            3
   d - Fulminant Prism                Conjuration/Hexes            4
   e - Iskenderun's Mystic Blast      Conjuration                  4
   f - Iskenderun's Battlesphere      Conjuration/Charms           5
Comestibles
 c - 4 bread rations
 g - a slice of pizza
 m - 4 fruits
 p - a meat ration
 t - 8 chunks of flesh


   Skills:
 - Level 2.4 Dodging
 - Level 2.4 Stealth
 + Level 5.1 Spellcasting
 * Level 6.7 Conjurations


You had 8 spell levels left.
You knew the following spells:

 Your Spells              Type           Power        Failure   Level  Hunger
a - Magic Dart            Conj           ####         1%          1    None
b - Searing Ray           Conj           ####..       1%          2    None
c - Dazzling Spray        Conj/Hex       ###...       10%         3    ##.....


Dungeon Overview and Level Annotations

Branches:
Dungeon (4/15)
 Temple: D:4-7

Altars:
Ashenzari
Makhleb
Nemelex Xobeh
Vehumet

Annotations:
D:4 Dowan, Duvessa


Message History

The spray of energy hits the worker ant.
The worker ant is lightly wounded.
The worker ant is dazzled.
The worker ant bites you but does no damage.
The worker ant barely misses you.
Okay, then.
* * * LOW HITPOINT WARNING * * *
You feel sick.
* * * LOW HITPOINT WARNING * * *
You feel sick.
There is a stone staircase leading up here.
* * * LOW HITPOINT WARNING * * *
You feel sick.
The worker ant is no longer blind.
You climb upwards.
* * * LOW HITPOINT WARNING * * *
You feel sick.
There is a stone staircase leading down here.
Unknown command.
There is a lethal amount of poison in your body!
Are you sure you want to abandon this character and quit the game? (Confirm with "yes".)

##################
................@#
####..#...#..###.#
#.###.###.# #.#
#..#...#..###.#
###...._.....##.#
#....#...#......#
#...###.###.....#
#....#...#......#
#...............#


There were no monsters in sight!

Vanquished Creatures
  A scorpion (D:4)
  Jessica (D:3)
  A worker ant (D:3)
  3 adders (D:2)
  A gnoll (D:1)
  An ooze (D:3)
  A worm (D:3)
  2 dart slugs
  6 leopard geckos
  3 orcs (D:3)
  7 bats
  2 giant cockroaches
  7 goblins
  4 hobgoblins
  6 jackals (D:1)
  A quokka (D:2)
  2 frilled lizards (D:1)
  5 kobolds
  A quokka skeleton (D:3)
  9 rats
64 creatures vanquished.

Notes
Turn   | Place    | Note
-------+----------+-------------------------------------------
     0 | D:1      | kr4n3x the Deep Elf Conjurer began the quest for the Orb.
     0 | D:1      | Reached XP level 1. HP: 10/10 MP: 6/6
   203 | D:1      | Reached XP level 2. HP: 15/15 MP: 5/8
   251 | D:1      | Learned a level 2 spell: Searing Ray
   343 | D:1      | Reached skill level 5 in Conjurations
   545 | D:1      | Reached XP level 3. HP: 19/19 MP: 3/10
   811 | D:1      | Learned a level 3 spell: Dazzling Spray
  1240 | D:2      | Reached XP level 4. HP: 24/24 MP: 7/12
  1798 | D:3      | Noticed Jessica
  1800 | D:3      | Killed Jessica
  1800 | D:3      | Reached skill level 6 in Conjurations
  2056 | D:3      | Found a sparkling altar of Nemelex Xobeh.
  2067 | D:3      | Found a burning altar of Makhleb.
  2072 | D:3      | Found a shattered altar of Ashenzari.
  2080 | D:3      | Reached XP level 5. HP: 13/28 MP: 4/14
  2747 | D:3      | Found a radiant altar of Vehumet.
  2755 | D:3      | Became a worshipper of Vehumet
  2842 | D:4      | Noticed Duvessa
  2842 | D:4      | Noticed Dowan
  2980 | D:4      | Reached skill level 5 in Spellcasting
  2987 | D:4      | HP: 1/28 [poisoned by a scorpion]
  2989 | D:3      | Quit the game

Vault maps used:
D:1:      scummos_arrival_gate, minmay_split_cup_large
D:3:      vehumet_crystals, nicolae_overflow_hidden_temple, first_bread,
          nemelex_lonely_heart_becter, uniq_jessica
D:4:      overflow_temple_1_default, nemelex_dance_club_becter, uniq_duvessa

Skill      XL: |  1  2  3  4  5 |
---------------+----------------+-----
Conjurations   | 5 6 |  6.7
Spellcasting   | 4 5 |  5.1
Dodging        | |  2.4
Stealth        | |  2.4

Action                   |  1- 3 |  4- 6 || total
-------------------------+-------+-------++-------
Melee: Dagger            |     2 |     1 ||     3
 Cast: Magic Dart        |    71 |    55 ||   126
       Dazzling Spray    |       |     3 ||     3
  Use: Scroll            |     7 |     2 ||     9
 Stab: Sleeping          |       |     1 ||     1
  Eat: Chunk             |     1 |     5 ||     6
Armor: Robe              |     7 |     1 ||     8
Dodge: Dodged            |    13 |     9 ||    22
